 Dungeon Sprint DCSS version 0.27-a0-972-gd1521fd518 (webtiles) character file.

Game seed: 4975919935214167644

26425 mhtbhm the Metallomancer (level 13, -5/78 HPs)
             Began as a Gargoyle Earth Elementalist on Apr 13, 2021.
             Was the Champion of Vehumet.
             Killed from afar by an ice dragon (40 damage)
             ... with a blast of cold
             ... in the Dungeon (Sprint VII: "The Pits").
             The game lasted 00:13:51 (3776 turns).

mhtbhm the Metallomancer (GrEE)                     Turns: 3776, Time: 00:13:52

Health: -5/78      AC: 15    Str: 10    XL:     13   Next: 25%
Magic:  11/36      EV: 16    Int: 23    God:    Vehumet [******]
Gold:   52         SH:  0    Dex: 10    Spells: 8/50 levels left

rFire    + . .     SeeInvis .   a - +0 lajatang
rCold    . . .     Faith    .   (shield currently unavailable)
rNeg     + . .     Spirit   .   c - +0 steam dragon scales
rPois    ∞         Reflect  .   (no helmet)
rElec    +         Harm     .   q - +0 cloak
rCorr    .         Rampage  +   (no gloves)
Will     .....     NoTele   +   (no boots)
Stlth    ++........             w - amulet of Niutwuast {RegenMP Rampage rF+ Str-3}
HPRegen  0.23/turn              n - +3 ring of evasion
MPRegen  0.50/turn              o - +3 ring of intelligence

@: slowed, studying Air Magic, very slow
A: AC +9, negative energy resistance 1, electricity resistance, torment
resistance 1, unbreathing 1, petrification resistance, screaming 1, subdued
magic 1
a: Renounce Religion


You were in the Dungeon.
You worshipped Vehumet.
Vehumet was exalted by your worship.
You visited 1 branch You collected 52 gold pieces.

Inventory:

Hand Weapons
 a - a +0 lajatang (weapon)
 x - a +2 dire flail of holy wrath
Missiles
 b - 6 curare-tipped darts
 s - 13 stones
Armour
 c - +0 steam dragon scales (worn)
 q - a +0 cloak (worn)
Jewellery
 n - a +3 ring of evasion (left hand)
 o - a +3 ring of intelligence (right hand)
 r - a ring of willpower
 t - a ring of willpower
 w - the amulet of Niutwuast (around neck) {RegenMP Rampage rF+ Str-3}
   (You acquired it in the Dungeon)

   [amulet of magic regeneration]

   It increases your rate of magic regeneration.
   It affects your strength (-3).
   It protects you from fire.
   It bestows one free step when moving towards enemies.
Wands
 v - a wand of flame (26)
Scrolls
 i - 3 scrolls of blinking
 j - 5 scrolls of amnesia
 k - a scroll of summoning
 m - 2 scrolls of vulnerability
 u - 2 scrolls of identify
 y - a scroll of immolation
 z - 4 scrolls of enchant weapon
 A - a scroll of fog
 C - 2 scrolls of enchant armour
Potions
 d - 8 potions of curing
 e - 19 potions of heal wounds
 f - a potion of haste
 g - 4 potions of magic
 h - 5 potions of berserk rage
 l - 2 potions of invisibility
 p - a potion of resistance
 B - 2 potions of brilliance


   Skills:
 * Level 7.8 Fighting
 * Level 8.1 Staves
 - Level 4.6 Dodging
 - Level 2.2 Stealth
 + Level 19.1 Spellcasting
 - Level 4.8 Conjurations
 - Level 2.1 Transmutations
 * Level 5.7 Ice Magic
 + Level 23.4 Earth Magic
 * Level 5.7 Poison Magic


You had 8 spell levels left.
You knew the following spells:

 Your Spells              Type           Power      Damage    Failure   Level
a - Sandblast             Erth           100%       2d20      0%          1
b - Freeze                Ice            100%       1d11      1%          1
c - Stone Arrow           Conj/Erth      100%       3d13      0%          3
d - Lee's Rapid Deconstr  Erth           39%        3d20*     0%          5
e - Petrify               Tmut/Erth      58%        N/A       1%          4
f - Hailstorm             Conj/Ice       35%        3d9       1%          4
g - Ozocubu's Refrigerat  Ice            18%        4d8       36%         7
h - Eringya's Noxious Bo  Tmut/Pois      15%        N/A       16%         6
i - Iskenderun's Battles  Conj           34%        2d9       1%          5
j - Freezing Cloud        Conj/Ice/Air   14%        6-21      17%         6

Your spell library contained the following spells:

 Spells                   Type           Power      Damage    Failure   Level
 Starburst                Conj/Fire      12%        8x6d5     28%         6
 Passwall                 Tmut/Erth      48%        N/A       0%          2
 Animate Skeleton         Necr           32%        N/A       1%          1
 Pain                     Necr           64%        1d7       1%          1
 Call Imp                 Summ           16%        N/A       2%          2
 Corpse Rot               Necr/Air       N/A        N/A       2%          2
 Vampiric Draining        Necr           8%         2d7       5%          3
 Excruciating Wounds      Necr           8%         N/A       47%         5
 Shadow Creatures         Summ           N/A        N/A       97%         6


Dungeon Overview and Level Annotations

Branches:
Dungeon (1/1)

Altars:
Ashenzari
Cheibriados
Dithmenos
Elyvilon
Fedhas
Gozag
Hepliaklqana
Kikubaaqudgha
Makhleb
Nemelex Xobeh
Okawaru
Qazlal
Ru
Sif Muna
Trog
Uskayaw
Vehumet
Wu Jian
Xom
Yredelemnul
Zin
The Shining One
Beogh
Jiyva
Lugonu

Annotations:
D Erolcha


Innate Abilities, Weirdness & Mutations

Your stone body is resilient. (AC +9)
You are immune to poison.
You resist negative energy. (rN+)
You are resistant to electric shocks. (rElec)
You are resistant to unholy torment.
You can survive without breathing.
You are immune to petrification.
You occasionally shout uncontrollably at your foes.
Your spells are a little easier to cast, but a little less powerful.


Message History

You feel your power returning.
A fire crab comes into view.
Erolcha points at herself and mumbles some strange words.
Erolcha flickers and vanishes!
Deactivating autopickup; reactivate with Ctrl-A.
Your Staves skill increases to level 8!
An ice dragon comes into view.
Unknown command.
Unknown command.
You feel much better.
The ice dragon bites you but does no damage.
The ice dragon claws you.
* * * LOW HITPOINT WARNING * * *
The ice dragon closely misses you.
Unknown command.
You feel much better. The ice dragon bites you.
The ice dragon claws you but does no damage.
The ice dragon tramples you but does no damage.
The ice dragon barely misses you.
The ice dragon claws you but does no damage.
The ice dragon tramples you.
You stumble backwards!
A seven-headed hydra comes into view.
Casting: Lee's Rapid Deconstruction (safe; 0% risk of failure)
Confirm with . or Enter, or press ? or * to list all spells.
Aiming: Lee's Rapid Deconstruction (safe; 0% risk of failure)
Press: ? - help, Dir - move target, f - seven-headed hydra Fragment what (e.g. wall or brittle monster)?: a seven-headed hydra An open door.
The stone door frame shatters!
The blast of rock fragments hits the seven-headed hydra!!!
The seven-headed hydra is almost dead.
The blast of rock fragments hits the ice dragon!
The ice dragon is lightly wounded.
The blast of rock fragments hits the fire crab!!
The fire crab is heavily wounded.
You hear a shout!
The ice dragon breathes frost at you. The blast of cold hits you!!!
Ouch! That really hurt!
You die...

#...... #...... +..#...
+...... #......
##################..#...
.......@........''......
........D.......''......
#########D####..##..#...
#t# #..##......
#§##..##......
#:#..####''##
##..####''## #..##...)..
#..##.#'##.


You could see an ice dragon (catching breath), a seven-headed hydra and a fire
crab.

Vanquished Creatures
  A Killer Klown (D)
  A death cob (D)
  A nagaraja (D)
  A ghost moth (D)
  2 war gargoyles (D)
  A mummy priest (D)
  A boulder beetle (D)
  A merfolk avatar (D)
  A death knight (D)
  A death yak (D)
  An orc high priest (D)
  A sun demon (D)
  Sonja (D)
  A fire crab (D)
  A spriggan druid (D)
  2 deep elf zephyrmancers (D)
  A wizard (D)
  2 orc sorcerers (D)
  A gargoyle (D)
  A rime drake (D)
  An unseen horror (D)
  5 komodo dragons (D)
  An efreet (D)
  2 ice devils (D)
  2 freezing wraiths (D)
  A wandering mushroom (D)
  A jumping spider (D)
  A wind drake (D)
  A polar bear (D)
  2 hornets (D)
  A tyrant leech (D)
  A redback (D)
  Sigmund (D)
  2 tarantellas (D)
  2 wyverns (D)
  A water elemental (D)
  A vampire (D)
  A wraith (D)
  A fire bat (D)
  A fire elemental (D)
  A basilisk (shapeshifter) (D)
  A steam dragon (D)
  A warg (D)
  2 floating eyes (D)
  2 orc warriors (D)
  A small abomination (D)
  A swamp drake (D)
  A wolf (D)
  A centaur (D)
  A kobold brigand (D)
  A scorpion (D)
  An earth elemental (D)
  A jelly (D)
  A quasit (D)
  A gnoll shaman (D)
  2 iguanas (D)
  An orc wizard (D)
  A hell rat (D)
  3 gnolls (D)
  2 river rats (D)
  An ufetubus (D)
  5 orcs (D)
  2 ball pythons (D)
  3 endoplasms (D)
  A goblin (D)
  A quokka (D)
  A bat (D)
  A frilled lizard (D)
  2 quokka skeletons (D)
  A rat (D)
96 creatures vanquished.

Vanquished Creatures (others)
  A yaktaur (D)
1 creature vanquished.

Grand Total: 97 creatures vanquished

Notes
Turn   | Place    | Note
-------+----------+-------------------------------------------
     0 | D        | mhtbhm the Gargoyle Earth Elementalist began the quest for
                  | the Orb.
     0 | D        | Reached XP level 1. HP: 10/10 MP: 3/3
    13 | D        | Reached skill level 4 in Earth Magic
    57 | D        | Found a bloodstained altar of Trog.
    57 | D        | Found a shimmering blue altar of Sif Muna.
    57 | D        | Found a viscous altar of Jiyva.
    57 | D        | Found a hazy altar of Hepliaklqana.
    57 | D        | Found an opulent altar of Gozag.
    58 | D        | Found a glowing golden altar of the Shining One.
    58 | D        | Found a glowing silver altar of Zin.
    58 | D        | Found a basalt altar of Yredelemnul.
    58 | D        | Found a shimmering altar of Xom.
    58 | D        | Found an ornate altar of the Wu Jian Council.
    58 | D        | Found a sacrificial altar of Ru.
    58 | D        | Found a stormy altar of Qazlal.
    58 | D        | Found an iron altar of Okawaru.
    58 | D        | Found a sparkling altar of Nemelex Xobeh.
    58 | D        | Found a burning altar of Makhleb.
    58 | D        | Found a blossoming altar of Fedhas.
    58 | D        | Found a white marble altar of Elyvilon.
    58 | D        | Found a shadowy altar of Dithmenos.
    58 | D        | Found a snail-covered altar of Cheibriados.
    60 | D        | Found a radiant altar of Vehumet.
    60 | D        | Found a corrupted altar of Lugonu.
    61 | D        | Found a hide-covered altar of Uskayaw.
    61 | D        | Found an ancient bone altar of Kikubaaqudgha.
    61 | D        | Found a broken altar of Ashenzari.
    68 | D        | Became a worshipper of Vehumet
    89 | D        | Reached skill level 5 in Earth Magic
    89 | D        | Reached XP level 2. HP: 14/15 MP: 1/5
   132 | D        | Reached * piety under Vehumet
   132 | D        | Offered knowledge of Freeze by Vehumet.
   135 | D        | Learned a level 1 spell: Freeze
   251 | D        | Noticed a floating eye
   256 | D        | Reached ** piety under Vehumet
   256 | D        | Offered knowledge of Foxfire by Vehumet.
   258 | D        | Paralysed by a floating eye for 4 turns
   262 | D        | Killed a floating eye
   263 | D        | Reached skill level 1 in Fighting
   263 | D        | Reached skill level 1 in Transmutations
   263 | D        | Reached skill level 8 in Earth Magic
   263 | D        | Reached XP level 3. HP: 20/20 MP: 5/9
   263 | D        | Reached XP level 4. HP: 25/25 MP: 5/10
   264 | D        | Reached XP level 5. HP: 29/29 MP: 6/12
   268 | D        | Learned a level 3 spell: Stone Arrow
   274 | D        | Learned a level 5 spell: Lee's Rapid Deconstruction
   358 | D        | Noticed an orc warrior
   373 | D        | Killed an orc warrior
   374 | D        | Reached skill level 10 in Earth Magic
   380 | D        | Reached *** piety under Vehumet
   409 | D        | Reached XP level 6. HP: 25/35 MP: 2/15
   421 | D        | Learned a level 4 spell: Petrify
   422 | D        | Offered knowledge of Dazzling Flash by Vehumet.
   432 | D        | Reached **** piety under Vehumet
   440 | D        | Reached skill level 11 in Earth Magic
   630 | D        | Offered knowledge of Hailstorm by Vehumet.
   645 | D        | Learned a level 4 spell: Hailstorm
   646 | D        | Offered knowledge of Yara's Violent Unravelling by Vehumet.
   826 | D        | Reached ***** piety under Vehumet
   826 | D        | Offered knowledge of Spellforged Servitor by Vehumet.
   828 | D        | Noticed a wyvern
   829 | D        | Killed a wyvern
   830 | D        | Reached skill level 1 in Conjurations
   830 | D        | Reached skill level 12 in Earth Magic
   830 | D        | Reached XP level 7. HP: 41/41 MP: 13/18
   863 | D        | Noticed Sigmund
   866 | D        | Killed Sigmund
   867 | D        | Reached skill level 13 in Earth Magic
  1006 | D        | Noticed an orc high priest
  1006 | D        | Noticed a warg
  1007 | D        | Noticed an orc sorcerer
  1010 | D        | Killed an orc sorcerer
  1011 | D        | Reached skill level 10 in Spellcasting
  1011 | D        | Reached skill level 14 in Earth Magic
  1011 | D        | Reached XP level 8. HP: 46/46 MP: 5/22
  1013 | D        | Noticed a komodo dragon
  1014 | D        | Killed an orc high priest
  1014 | D        | Offered knowledge of Fulminant Prism by Vehumet.
  1015 | D        | Reached skill level 5 in Staves
  1015 | D        | Reached skill level 15 in Earth Magic
  1015 | D        | Reached XP level 9. HP: 52/52 MP: 5/24
  1129 | D        | Killed a komodo dragon
  1130 | D        | Reached skill level 16 in Earth Magic
  1271 | D        | Noticed a deep elf zephyrmancer
  1273 | D        | Killed a deep elf zephyrmancer
  1331 | D        | Noticed an orc sorcerer
  1331 | D        | Paralysed by an orc sorcerer for 4 turns
  1335 | D        | Killed an orc sorcerer
  1336 | D        | Reached skill level 17 in Earth Magic
  1339 | D        | Noticed a death yak
  1348 | D        | Killed a death yak
  1349 | D        | Reached XP level 10. HP: 45/56 MP: 15/27
  1371 | D        | Offered knowledge of Ozocubu's Refrigeration by Vehumet.
  1372 | D        | Reached skill level 18 in Earth Magic
  1604 | D        | Noticed a boulder beetle
  1614 | D        | Learned a level 7 spell: Ozocubu's Refrigeration
  1620 | D        | Reached ****** piety under Vehumet
  1622 | D        | Killed a boulder beetle
  1623 | D        | Reached skill level 19 in Earth Magic
  1732 | D        | Offered knowledge of Eringya's Noxious Bog by Vehumet.
  1778 | D        | Learned a level 6 spell: Eringya's Noxious Bog
  1797 | D        | Noticed a wizard
  1800 | D        | Killed a wizard
  1801 | D        | Reached skill level 15 in Spellcasting
  1801 | D        | Reached XP level 11. HP: 60/60 MP: 24/30
  1978 | D        | Reached skill level 20 in Earth Magic
  2119 | D        | Noticed a mummy priest
  2119 | D        | Noticed Sonja
  2119 | D        | Noticed a deep elf zephyrmancer
  2124 | D        | Killed a deep elf zephyrmancer
  2127 | D        | Killed Sonja
  2127 | D        | Offered knowledge of Iskenderun's Battlesphere by Vehumet.
  2141 | D        | Killed a mummy priest
  2407 | D        | Learned a level 5 spell: Iskenderun's Battlesphere
  2513 | D        | Acquired the amulet of Niutwuast {RegenMP Rampage rF+
                  | Str-3}
  2579 | D        | Reached skill level 21 in Earth Magic
  2711 | D        | Offered knowledge of Freezing Cloud by Vehumet.
  2935 | D        | Learned a level 6 spell: Freezing Cloud
  2944 | D        | Noticed a sun demon
  2945 | D        | Noticed a nagaraja
  2948 | D        | Killed a sun demon
  2957 | D        | Killed a nagaraja
  2958 | D        | Reached XP level 12. HP: 45/66 MP: 3/33
  3070 | D        | Noticed a war gargoyle
  3073 | D        | Killed a war gargoyle
  3076 | D        | Reached skill level 22 in Earth Magic
  3203 | D        | Noticed a death knight
  3203 | D        | Noticed a war gargoyle
  3203 | D        | Noticed a Killer Klown
  3205 | D        | Reached skill level 1 in Ice Magic
  3205 | D        | Reached skill level 1 in Poison Magic
  3205 | D        | Killed a war gargoyle
  3205 | D        | Offered knowledge of Starburst by Vehumet.
  3207 | D        | Killed a death knight
  3209 | D        | Killed a Killer Klown
  3210 | D        | Reached skill level 23 in Earth Magic
  3213 | D        | Reached XP level 13. HP: 64/76 MP: 21/35
  3216 | D        | Killed a ghost moth
  3217 | D        | Reached skill level 5 in Ice Magic
  3217 | D        | Reached skill level 5 in Poison Magic
  3229 | D        | Got the Compendium of Stolen Souls and Companions
  3422 | D        | Noticed an orb of fire
  3424 | D        | Gained mutation: Your spells are a little easier to cast,
                  | but a little less powerful. [an orb of fire]
  3431 | D        | Gained mutation: You occasionally shout uncontrollably at
                  | your foes. [an orb of fire]
  3765 | D        | Noticed Erolcha
  3766 | D        | Noticed a death cob
  3773 | D        | Killed a death cob
  3774 | D        | Noticed an ice dragon
  3776 | D        | Killed from afar by an ice dragon

Illustrated notes

Levels and vault maps discovered:
D:        pitsprint [storerooms_1, entrance_room_1, metal_vault_7, armoury_1,
          mini_pit_1, grid_room_1, main_hall_1, silver_pit, the_coven_3,
          the_vestibule_1, steel_vault_1, golden_pit, hallway_of_sentries,
          crystal_vault_1, iron_vault_2, final_vault]

Skill      XL: |  1  2  3  4  5  6  7  8  9 10 11 12 13 |
---------------+----------------------------------------+-----
Earth Magic    | 5 8 10 12 14 15 17 19 21 23 | 23.4
Dodging        | 2 3 4 |  4.6
Fighting       | 1 2 3 6 7 |  7.8
Staves         | 2 3 4 5 7 8 |  8.1
Spellcasting   | 4 6 8 10 11 13 15 17 18 19 | 19.1
Transmutations | 1 2 |  2.1
Conjurations   | 1 2 3 4 |  4.8
Ice Magic      | 4 5 |  5.7
Poison Magic   | 4 5 |  5.7
Stealth        | |  2.2

Action                   |  1- 3 |  4- 6 |  7- 9 | 10-12 | 13-15 || total
-------------------------+-------+-------+-------+-------+-------++-------
Melee: Quarterstaff      |     6 |    13 |       |       |       ||    19
       Unarmed           |     2 |       |       |       |       ||     2
 Cast: Sandblast         |     9 |    17 |     6 |    14 |       ||    46
       Stone Arrow       |       |     3 |     2 |    17 |       ||    22
       Lee's Rapid Decon |       |     1 |    14 |    50 |    11 ||    76
       Petrify           |       |       |       |     2 |       ||     2
       Hailstorm         |       |       |       |       |     1 ||     1
  Use: Scroll            |       |       |       |     1 |     1 ||     2
       Potion            |       |       |       |     1 |     3 ||     4
 Stab: Sleeping          |       |     1 |       |       |       ||     1
Armor: Robe              |     2 |     2 |       |       |       ||     4
       Steam dragon scal |       |       |       |     1 |    10 ||    11
Dodge: Dodged            |     4 |    14 |     6 |    15 |     2 ||    41

Table legend: (Time is in decaauts)
 A = Elapsed time spent in this place.
 B = Non-inter-level travel time spent in this place.
 C = Inter-level travel time spent in this place.
 D = Time resting spent in this place.
 E = Time spent auto-exploring this place.
 F = Levels seen in this place.
 G = Mean time per level.
                   A        B        C        D        E       F      G
               +--------+--------+--------+--------+--------+-----+--------+
         Total |   3755 |   3755 |      0 |   2595 |     92 |   1 | 3755.0 |
       Dungeon |   3755 |   3755 |      0 |   2595 |     92 |   1 | 3755.0 |
               +--------+--------+--------+--------+--------+-----+--------+

Top non-repeatable levels by time:
       D: 3755 daAuts
